 Dungeon Crawl Stone Soup version 0.20-b1 (webtiles) character file.

70 Monsterracer the Slasher (level 4, -1/34 HPs)
             Began as a Barachi Warper on May 18, 2017.
             Slain by a gnoll
             ... wielding a +3 halberd of flaming
              (8 damage)
             ... on level 1 of the Dungeon.
             The game lasted 00:06:22 (2045 turns).

Monsterracer the Slasher (Barachi Warper)           Turns: 2045, Time: 00:06:23

Health: -1/34      AC:  3    Str: 12    XL:     4   Next: 21%
Magic:  4/7        EV: 12    Int: 13    God:
Gold:   75         SH:  0    Dex: 13    Spells: 0/7 levels left

rFire    . . .     SeeInvis .   a - +0 falchion
rCold    . . .     Gourm    .   (no shield)
rNeg     . . .     Faith    .   b - +0 leather armour
rPois    .         Spirit   .   (no helmet)
rElec    .         Reflect  .   (no cloak)
rCorr    .         Harm     .   (no gloves)
MR       .....                  (no boots)
Stlth    +.........             (no amulet)
Regen    0.2/turn               (no ring)
MPRegen  0.1/turn               (no ring)

@: can't hop, slow
A: +LOS, swims, slowness 1, strong legs 1
a: Hop


You were on level 1 of the Dungeon.
You were hungry.

You visited 1 branch of the dungeon, and saw 2 of its levels.

You collected 75 gold pieces.

Inventory:

Hand Weapons
 a - a +0 falchion (weapon)
Missiles
 e - 5 tomahawks of dispersal (quivered)
Armour
 b - a +0 leather armour (worn)
Scrolls
 d - a scroll of blinking
 g - 4 scrolls of remove curse {unknown}
 h - a scroll of enchant weapon {unknown}
 j - 2 scrolls of identify {unknown}
 k - a scroll of amnesia {unknown}
Books
 c - a book of Spatial Translocations

   Spells                             Type                      Level
   a - Blink                          Translocation                2
   b - Shroud of Golubria             Charms/Translocation         2
   c - Lesser Beckoning               Translocation                3
   d - Gell's Gravitas                Translocation                3
   e - Teleport Other                 Translocation                3
   f - Passage of Golubria            Translocation                4
Comestibles
 f - a bread ration
 i - 2 meat rations


   Skills:
 - Level 2.4 Fighting
 + Level 5.2 Long Blades
 - Level 1.0 Throwing
 - Level 1.2 Armour
 - Level 2.1 Dodging
 - Level 2.1 Spellcasting
 - Level 3.2 Translocations


You couldn't memorise any spells.
You knew the following spells:

 Your Spells              Type           Power        Failure   Level  Hunger
a - Blink                 Tloc           N/A          12%         2    ###....
b - Shroud of Golubria    Chrm/Tloc      #.........   24%         2    ###....
c - Teleport Other        Tloc           #.......     24%         3    ####...


Dungeon Overview and Level Annotations

Branches:
Dungeon (2/15)

Altars:


Innate Abilities, Weirdness & Mutations

Shadows flee at your approach. (+LOS)
You can swim through water.
You cover ground slowly.
You can hop short distances.


Message History

Boing!
Unknown command.
Okay, then.
Casting: Shroud of Golubria
Confirm with . or Enter, or press ? or * to list all spells.
Aiming: Teleport Other
Press: ? - help, Shift-Dir - straight line, f - gnoll
Aim: a gnoll, wielding a halberd of flaming (sparse dust, chance to defeat MR: 52%)
The gnoll looks slightly unstable.
Your shroud unravels.
You are feeling hungry.
You see here a club.
The gnoll disappears!
You start resting.
You see here a club.
You aren't carrying any potions.
Unknown command.
Unknown command.
The gnoll hits you from afar with a halberd of flaming!
You die...

.................................
....................(.....(......
.................##....###....)..
.................................
.................................
.................................
...(..............g..............
.................................
................@................
.................############....
.................# #....
.................# #....
################## #.... #####


You could see a gnoll.

Vanquished Creatures
  2 adders (D:2)
  An ooze (D:2)
  2 dart slugs
  10 bats
  4 giant cockroaches
  4 goblins
  6 hobgoblins
  A quokka (D:2)
  2 frilled lizards
  4 kobolds
  5 rats
41 creatures vanquished.

Notes
Turn   | Place    | Note
-------+----------+-------------------------------------------
     0 | D:1      | Monsterracer the Barachi Warper began the quest for the Orb.
     0 | D:1      | Reached XP level 1. HP: 17/17 MP: 3/3
   123 | D:1      | Reached skill level 3 in Long Blades
   145 | D:1      | Reached XP level 2. HP: 15/23 MP: 5/5
   376 | D:1      | Learned a level 2 spell: Blink
   379 | D:1      | Learned a level 2 spell: Shroud of Golubria
   623 | D:1      | Reached skill level 4 in Long Blades
   744 | D:1      | Reached XP level 3. HP: 14/28 MP: 6/6
  1424 | D:2      | Reached skill level 5 in Long Blades
  1516 | D:2      | Reached XP level 4. HP: 28/34 MP: 5/7
  1521 | D:2      | Learned a level 3 spell: Teleport Other
  2045 | D:1      | Slain by a gnoll

Skill      XL: |  1  2  3 |
---------------+----------+-----
Long Blades    | 3 4 5 |  5.2
Fighting       | |  2.4
Throwing       | |  1.0
Armour         | |  1.2
Dodging        | |  2.1
Spellcasting   | |  2.1
Translocations | |  3.2

Action                   |  1- 3 |  4- 6 || total
-------------------------+-------+-------++-------
Melee: Falchion          |   127 |    12 ||   139
 Cast: Shroud of Golubri |     1 |     2 ||     3
       Teleport Other    |       |     1 ||     1
 Abil: Hop               |       |     1 ||     1
  Use: Potion            |     1 |       ||     1
  Eat: Chunk             |     2 |     2 ||     4
Armor: Leather armour    |    30 |     2 ||    32
Dodge: Dodged            |    85 |     6 ||    91
       Rpst.: Falchion   |    31 |     1 ||    32
